 Dungeon Crawl Stone Soup version 0.19.5 (webtiles) character file.

51 McKennaii the Gusty (level 3, 18/18 HPs)
             Began as a High Elf Air Elementalist on Apr 21, 2017.
             Quit the game on level 2 of the Dungeon.
             The game lasted 00:02:05 (1160 turns).

McKennaii the Gusty (High Elf Air Elementalist)     Turns: 1160, Time: 00:02:05

Health: 18/18      AC:  2    Str:  7    XL:     3   Next: 57%
Magic:  8/8        EV: 13    Int: 20    God:
Gold:   100        SH:  0    Dex: 15    Spells: 3 memorised, 3 levels left

rFire  . . .     SeeInvis .     (no weapon)
rCold  . . .     Gourm    .     a - +0 robe
rNeg   . . .     Faith    .     (no shield)
rPois  .         Spirit   .     (helmet restricted)
rElec  .         Reflect  .     (no cloak)
rCorr  .         Harm     .     (no gloves)
MR     .....                    (no boots)
Stlth  ++........               (no amulet)
                                (no ring)
                                (no ring)

@: repel missiles
A: antennae 1, hooves 1, frail 1
a: no special abilities


You were on level 2 of the Dungeon.
You were hungry.

You visited 1 branch of the dungeon, and saw 2 of its levels.

You collected 100 gold pieces.

Inventory:

Armour
 a - a +0 robe (worn)
Scrolls
 d - 3 scrolls of identify {unknown}
 e - 3 scrolls of amnesia (quivered) {unknown}
 f - a scroll of recharging {unknown}
 g - a scroll of fear {unknown}
Potions
 i - a potion of degeneration {unknown}
Books
 b - a book of Air

   Spells                             Type                      Level
   a - Shock                          Conjuration/Air              1
   b - Swiftness                      Charms/Air                   2
   c - Repel Missiles                 Charms/Air                   2
   d - Static Discharge               Conjuration/Air              3
   e - Lightning Bolt                 Conjuration/Air              5
Comestibles
 c - 2 bread rations


   Skills:
 + Level 2.4 Dodging
 + Level 2.4 Stealth
 + Level 3.1 Spellcasting
 + Level 1.7 Conjurations
 + Level 4.5 Air Magic


You had 3 spell levels left.
You knew the following spells:

 Your Spells              Type           Power        Failure   Level  Hunger
a - Shock                 Conj/Air       ###.         4%          1    None
b - Swiftness             Chrm/Air       ##......     10%         2    ##.....
c - Repel Missiles        Chrm/Air       ##....       10%         2    ##.....


Dungeon Overview and Level Annotations

Branches:
Dungeon (2/15)

Altars:
Nemelex Xobeh


Innate Abilities, Weirdness & Mutations

You have a pair of small antennae on your head.
You have large cloven feet.
You are frail. (-10% HP)


Message History

Aiming: Shock
Press: ? - help, Shift-Dir - straight line, f - kobold
Aim: a kobold, wielding a dagger The zap hits the kobold.
You kill the kobold!
There is an open door here.
Things that are here:
a dagger; a kobold corpse
d - 3 scrolls labeled OTHRYD INAPTET (gained 1)
There is an open door here.
h - a sedimented dark potion
i - an amethyst potion It was a potion of mutation.
You feel extremely strange.
Your feet thicken and deform.
A pair of antennae grows on your head!
You feel frail.
Quiver which item? (- for none, * to show all) (? for menu, Esc to quit)
You don't have any such object.
Quiver which item? (- for none, * to show all) (? for menu, Esc to quit)
Quivering
e - 3 scrolls labeled POROLU JEUFAY for throwing.
Are you sure you want to abandon this character and quit the game? (Confirm with "yes".)

#### #...
#+##############.##
#.@.........#..)..#
#...........#.....#
#...........'.....#
#...........#.....#
#...........#.....#
#...........#.....#
#...........#.....#
#...........#.....#
#...........#.....#


There were no monsters in sight!

Vanquished Creatures
  An adder (D:2)
  A worm (D:2)
  2 dart slugs (D:1)
  2 ball pythons (D:1)
  3 bats
  4 goblins
  8 hobgoblins
  2 frilled lizards
  6 kobolds
  5 rats
34 creatures vanquished.

Notes
Turn   | Place    | Note
-------+----------+-------------------------------------------
     0 | D:1      | McKennaii the High Elf Air Elementalist began the quest for the Orb.
     0 | D:1      | Reached XP level 1. HP: 11/11 MP: 4/4
   196 | D:1      | Reached skill level 4 in Air Magic
   227 | D:1      | Reached XP level 2. HP: 17/17 MP: 0/6
   759 | D:2      | Reached XP level 3. HP: 21/21 MP: 6/8
   772 | D:2      | Learned a level 2 spell: Swiftness
   775 | D:2      | Learned a level 2 spell: Repel Missiles
   918 | D:2      | Found a sparkling altar of Nemelex Xobeh.
  1158 | D:2      | Gained mutation: You have large cloven feet. [potion of mutation]
  1158 | D:2      | Gained mutation: You have a pair of small antennae on your head. [potion of mutation]
  1158 | D:2      | Gained mutation: You are frail. (-10% HP) [potion of mutation]
  1160 | D:2      | Quit the game

Skill      XL: |  1  2  3 |
---------------+----------+-----
Air Magic      | 4 |  4.5
Spellcasting   | 3 |  3.1
Dodging        | |  2.4
Stealth        | |  2.4
Conjurations   | |  1.7

Action                   || total
-------------------------++-------
 Cast: Shock             ||    67
       Repel Missiles    ||     1
  Use: Potion            ||     1
Dodge: Dodged            ||     7
